 Dungeon Crawl Stone Soup version 0.30-a0-845-g7c6808c8ce (webtiles) character file.

Game seed: 10233370961864091687

69566 Lobster4 the Thaumaturge (level 14, 0/82 HPs)
             Began as a Deep Elf Conjurer on Mar 2, 2023.
             Was a High Priest of Vehumet.
             Shot with an arrow by Nessos (10 damage)
             ... on level 12 of the Dungeon.
             The game lasted 01:30:01 (28430 turns).

Lobster4 the Thaumaturge (Deep Elf Conjurer)       Turns: 28430, Time: 01:30:01

Health: 0/82       AC: 13    Str:  6    XL:     14   Next: 90%
Magic:  26/43      EV: 16    Int: 32    God:    Vehumet [*****.]
Gold:   1384       SH:  0    Dex: 10    Spells: 7/39 levels left

rFire   x . .      SeeInvis .    b - +2 shortbow (flame)
rCold   + . .      Faith    .    (shield currently unavailable)
rNeg    + + .      Spirit   .    h - +1 steam dragon scales
rPois   +          Reflect  .    t - +3 hat of Pondering {ponderous, Will+ MP+10 Int+5}
rElec   +          Rampage  .    (no cloak)
rCorr   +                        Z - +1 pair of gloves of Depression {Will+ Stlth+}
Will    +++..                    f - +0 pair of boots
Stlth   +++++                    m - amulet of the acrobat
HPRegen 0.33/turn                T - ring "Kugurize" {rElec rPois rCorr Dex-3 Slay+4}
MPRegen 0.28/turn                g - ring of Ditwoh {Ice +Blink rN++}

@: slow
A: no striking features
a: Renounce Religion, Evoke Blink


You were on level 12 of the Dungeon.
You worshipped Vehumet.
Vehumet was extremely pleased with you.
You visited 4 branches of the dungeon, and saw 20 of its levels.
You also visited: Bailey and Gauntlet.

You collected 2065 gold pieces.
You spent 681 gold pieces at shops.

Inventory:

Hand Weapons
 a - the +3 Elemental Staff {rElec rF++ rC++ AC+5}
   (You took it off a deep elf pyromancer on level 8 of the Dungeon)

   It enhances your fire, ice, earth and air magic.
   AC:        It affects your AC (+5).
   rF:        It greatly protects you from fire.
   rC:        It greatly protects you from cold.
   rElec:     It insulates you from electricity.
 b - a +2 shortbow of flaming (weapon)
 x - a +1 dagger of venom
 G - a +1 shortbow of electrocution
 Y - a +6 dagger of holy wrath
Missiles
 l - 11 boomerangs
 p - 21 poisoned darts
 L - 9 javelins
 O - 2 boomerangs of dispersal
Armour
 f - a +0 pair of boots (worn)
 h - +1 steam dragon scales (worn)
 q - a +1 helmet
 s - a +2 robe of willpower
 t - the +3 hat of Pondering (worn) {ponderous, Will+ MP+10 Int+5}
   (You took it off Gastronok on level 1 of the Orcish Mines)

   Int:       It affects your intelligence (+5).
   MP:        It affects your magic capacity (+10).
   Will:      It increases your willpower.
 B - +2 acid dragon scales
 U - a +2 troll leather armour
 Z - the +1 pair of gloves of Depression (worn) {Will+ Stlth+}
   (You acquired it on level 5 of the Lair of Beasts)

   Will:      It increases your willpower.
   Stlth:     It makes you more stealthy.
Magical Staves
 K - a staff of poison
Jewellery
 g - the ring of Ditwoh (right hand) {Ice +Blink rN++}
   (You found it in a Gauntlet)

   [ring of ice]

   It enhances your ice magic.
   rF:        It makes you vulnerable to fire.
   rC:        It protects you from cold.
   rN:        It greatly protects you from negative energy.
   +Blink:    It lets you blink.
 m - an amulet of the acrobat (around neck)
 u - a ring of poison resistance
 H - a ring of willpower
 N - the ring "Ippam" {rN++ SInv}
   (You found it in a Gauntlet)

   [ring of see invisible]

   rN:        It greatly protects you from negative energy.
   SInv:      It lets you see invisible.
 T - the ring "Kugurize" (left hand) {rElec rPois rCorr Dex-3 Slay+4}
   (You found it on level 1 of the Lair of Beasts)

   [ring of slaying]

   Dex:       It affects your dexterity (-3).
   Slay:      It affects your accuracy & damage with ranged weapons and melee
   (+4).
   rElec:     It insulates you from electricity.
   rPois:     It protects you from poison.
   rCorr:     It protects you from acid and corrosion.
 W - a ring of positive energy
Wands
 o - a wand of polymorph (6)
 r - a wand of mindburst (7)
 y - a wand of paralysis (23)
 z - a wand of flame (33)
Scrolls
 e - 2 scrolls of enchant weapon
 v - 2 scrolls of immolation
 A - 4 scrolls of teleportation
 R - a scroll of magic mapping
 S - 5 scrolls of identify
 V - a scroll of enchant armour {unknown}
Potions
 c - a potion of berserk rage
 i - 3 potions of cancellation
 j - 4 potions of flight
 k - 5 potions of heal wounds
 n - 4 potions of curing
 w - 2 potions of lignification
 C - 3 potions of might
 D - 4 potions of haste
 F - 5 potions of mutation
 I - a potion of invisibility
 M - 2 potions of magic
 P - 4 potions of brilliance
 Q - a potion of ambrosia
Miscellaneous
 d - a phantom mirror
 E - a condenser vane
 J - a tin of tremorstones (2/2)


   Skills:
 + Level 7.1 Fighting
 - Level 1.0 Short Blades
 - Level 4.0 Staves
 - Level 10.0 Ranged Weapons
 - Level 1.0 Throwing
 - Level 5.0 Armour
 + Level 12.2 Dodging
 - Level 10.0 Stealth
 + Level 13.4 Spellcasting
 + Level 12.1 Conjurations
 - Level 3.0 Summonings
 - Level 8.0 Translocations
 - Level 4.0 Fire Magic
 + Level 7.5 Air Magic
 - Level 4.1 Earth Magic
 - Level 4.1 Poison Magic
 - Level 3.0 Evocations


You had 7 spell levels left.
You knew the following spells:

 Your Spells              Type           Power      Damage    Failure   Level
a - Magic Dart            Conj           100%       1d8       0%          1
b - Searing Ray           Conj           100%       2d8       0%          2
c - Sandblast             Erth           96%        2d20      1%          1
d - Iskenderun's Mystic   Conj/Tloc      72%        2d15      1%          4
e - Teleport Other        Tloc           64%        N/A       1%          3
f - Mephitic Cloud        Conj/Pois/Air  64%        N/A       1%          3
g - Lightning Bolt        Conj/Air       35%        1d53      1%          5
h - Airstrike             Air            31%        2d(5-21)  1%          4
i - Summon Lightning Spi  Summ/Air       53%        N/A       2%          4
j - Fireball              Conj/Fire      32%        3d14      1%          5

Your spell library contained the following spells:

 Spells                   Type           Power      Damage    Failure   Level
 Yara's Violent Unravell  Hex/Tmut       10%        3d6       16%         5
 Foxfire                  Conj/Fire      100%       2x1d9     1%          1
 Blink                    Tloc           100%       N/A       1%          2
 Cigotuvi's Dreadful Rot  Necr/Pois/Air  92%        N/A       1%          2
 Lesser Beckoning         Tloc           100%       N/A       1%          2
 Poisonous Vapours        Pois/Air       100%       N/A       1%          2
 Dazzling Flash           Conj/Hex       100%       N/A       1%          3
 Gell's Gravitas          Tloc           64%        N/A       1%          3
 Ignite Poison            Fire/Tmut/Pois 38%        N/A       1%          3
 Kindle Blastsparks       Fire/Tloc/Air  100%       2d18      1%          3
 Fulminant Prism          Conj/Hex       28%        3d14      1%          4
 Passage of Golubria      Tloc           64%        N/A       1%          4
 Sticky Flame             Conj/Fire      65%        2d8       1%          4
 Irradiate                Conj/Tmut      28%        3d21      1%          5
 Sublimation of Blood     Necr           21%        N/A       3%          2
 Starburst                Conj/Fire      32%        6d10      3%          6
 Petrify                  Tmut/Erth      34%        N/A       9%          4
 Silence                  Hex/Air        22%        N/A       13%         5
 Animate Dead             Necr           21%        N/A       22%         4
 Dispel Undead            Necr           21%        3d11      22%         4
 Agony                    Necr           21%        N/A       52%         5
 Malign Gateway           Summ/Tloc      27%        N/A       88%         7
 Death Channel            Necr           10%        N/A       97%         6
 Haunt                    Necr/Summ      15%        N/A       100%        7
 Lehudib's Crystal Spear  Conj/Erth      32%        10d8      73%         8
 Ignition                 Fire           23%        3d8       99%         8
 Infestation              Necr           10%        N/A       100%        8


Dungeon Overview and Level Annotations

Branches:
Dungeon (12/15)            Temple (1/1) D:7            Lair (5/5) D:10
  Swamp (0/4) Lair:2        Snake (0/4) Lair:2        Slime (0/5) Lair:4
    Orc (2/2) D:10         Bailey (visited)         Gauntlet (visited)
    Elf: Orc:2

Altars:
Ashenzari
Cheibriados
Dithmenos
Elyvilon
Fedhas
Gozag
Hepliaklqana
Kikubaaqudgha
Makhleb
Nemelex Xobeh
Okawaru
Qazlal
Ru
Sif Muna
Trog
Uskayaw
Vehumet
Wu Jian
Xom
Yredelemnul
Zin
The Shining One
Jiyva

Shops:
D:1 *   D:7 (   Orc:1 *!   Orc:2 (:(?=

Annotations:
D:5 Dowan
D:7 4 runed translucent doors
D:9 exclusion: wight, Erica
D:12 Nessos, Sonja


Message History

Your lightning spire disappears in a puff of smoke!
You hear a shout!
Casting: Summon Lightning Spire (dangerous; 2% risk of failure)
Confirm with . or Enter, or press ? or * to list all spells.
An electric hum fills the air.
Nessos shoots an arrow.
The arrow completely misses you.
Casting: Summon Lightning Spire (dangerous; 2% risk of failure)
Confirm with . or Enter, or press ? or * to list all spells.
Aiming: Airstrike (safe; 1% risk of failure)
Press: ? - help, Dir - move target, f - Nessos
Aim: Nessos, wielding a +2 longbow of flaming, wearing a +0 barding and quivering stones (purple smoke, lightly wounded, ally target, empty space bonus: 5/8)
The air twists around and strikes Nessos!
Nessos is moderately wounded.
Nessos gestures wildly while chanting.
Nessos seems to speed up.
Nessos shouts, "I'm half human!
Half horse!
And all stone-cold KILLER!"
Nessos shoots an arrow.
The arrow hits you!! The arrow burns you.
Casting: Airstrike (safe; 1% risk of failure)
Confirm with . or Enter, or press ? or * to list all spells.
Aiming: Airstrike (safe; 1% risk of failure)
Press: ? - help, Dir - move target, f/p - Nessos
Aim: Nessos, wielding a +2 longbow of flaming, wearing a +0 barding and quivering stones (moderately wounded, fast, ally target, empty space bonus: 5/8)
The air twists around and strikes Nessos!!
Nessos is heavily wounded.
Nessos gestures wildly while chanting.
Nessos blinks!
Nessos shoots an arrow.
The arrow barely misses you.
Your lightning spire shoots out a bolt of lightning at Nessos!
The bolt of electricity hits Nessos!
Casting: Airstrike (safe; 1% risk of failure)
Confirm with . or Enter, or press ? or * to list all spells.
Aiming: Airstrike (safe; 1% risk of failure)
Press: ? - help, Dir - move target, f/p - Nessos
Aim: Nessos, wielding a +2 longbow of flaming, wearing a +0 barding and quivering stones (severely wounded, fast, not watching you, ally target, empty space bonus: 8/8)
The air twists around and strikes Nessos!
Nessos is almost dead.
Nessos shoots an arrow.
The arrow hits you!! The arrow burns you!
Nessos shoots an arrow.
The arrow hits you!!
* * * LOW HITPOINT WARNING * * *
The arrow burns you!
You die...

##.#...............#..
#........c............
##...............(...#.
#..........J.J..c..<...
............##.........
#..........##........$.
..#......##.........J.
#8.†...# ...c.......
######.@...# .K........J
##..........♣
.♣♣#.T.....
#.........#♣♣ <...(##.
#.........♣♣
#......#...♣
#......♣♣♣♣♣ ♣♣♣♣####
##....#♣~♣♣♣~~~♣♣PP~#...
#....#...~~~~.~~~~~.....
#..##..♣P♣~♣.~.P♣♣P♣..##


You could see Nessos (fast, ally target), a very large slime creature, a slime
creature and a friendly lightning spire (summoned).

Vanquished Creatures
  Gastronok (Orc:1)
  The ghost of Tollund the Arsonist, a journeyman OgFE of Gozag (Lair:1)
  A dire elephant (Lair:5)
  3 hydras
  3 two-headed ogres
  4 ogre magi (Orc:2)
  A boulder beetle (Lair:1)
  A tengu warrior (D:12)
  5 death yaks
  A deep troll shaman (Lair:5)
  A soul eater (Gauntlet)
  A fire crab (Gauntlet)
  A skyshark (Lair:2)
  Lodul (D:11)
  2 bog bodies (Lair:2)
  A lindwurm (Lair:5)
  An orc knight (Orc:1)
  4 oklob plants (Lair:3)
  A deep elf pyromancer (D:8)
  6 orc sorcerers (Orc:2)
  A cyclops (D:11)
  4 black mambas
  9 elephants
  A gargoyle (Bailey)
  2 rime drakes
  5 torpor snails
  Maggie (D:6)
  6 cane toads
  A kobold demonologist (D:10)
  3 komodo dragons
  3 trolls
  2 polar bears
  8 blink frogs
  6 dream sheep (Lair:3)
  2 centaur simulacra (Gauntlet)
  A wyvern (Lair:4)
  A shadow (D:10)
  2 wraiths (D:11)
  5 fire bats (Gauntlet)
  27 yaks
  2 vampires
  2 basilisks (Lair:5)
  3 fire elementals (D:8)
  5 steam dragons
  3 nagas (Lair:2)
  2 vampire mosquitoes (D:11)
  A warg (Orc:1)
  2 hell hounds (Gauntlet)
  13 water moccasins
  2 ice beasts
  10 orc warriors
  2 sky beasts
  7 centaurs
  16 wolves
  9 ogres
  2 phantoms
  12 bullfrogs
  2 kobold brigands
  2 gnoll sergeants
  6 scorpions
  A cane toad simulacrum (Gauntlet)
  11 wights (D:9)
  11 killer bees
  2 electric eels
  3 howler monkeys
  6 wolf zombies (Bailey)
  8 vampire bats (Bailey)
  A jelly (D:6)
  10 orc priests
  A gnoll bouda (D:8)
  A sleepcap (D:5)
  3 iguanas
  32 orc wizards
  7 hell rats (Lair:4)
  A boggart simulacrum (Gauntlet)
  18 gnolls
  18 adders
  7 shadow imps
  13 white imps
  3 ufetubi
  3 worms
  3 dart slugs
  56 orcs
  11 ball pythons
  8 bats
  3 endoplasms
  6 giant cockroaches
  8 goblins
  6 hobgoblins
  7 jackals
  7 quokkas
  2 frilled lizards
  11 kobolds
  17 orc zombies (Bailey)
  4 rats
542 creatures vanquished.

Vanquished Creatures (collateral kills)
  A minotaur (Gauntlet)
  A hydra (Lair:4)
  A two-headed ogre (D:12)
  A catoblepas (Lair:5)
  2 skysharks
  5 elephants
  2 komodo dragons (Lair:3)
  2 polar bears (Lair:5)
  2 blink frogs (Lair:4)
  3 yaks
  3 wolves (Lair:5)
  A hound (D:5)
  An adder (D:5)
  3 orcs (D:5)
28 creatures vanquished.

Vanquished Creatures (others)
  An orc wizard (Orc:2)
  37 fungi
  67 plants
105 creatures vanquished.

Grand Total: 675 creatures vanquished

Notes
Turn   | Place    | Note
-------+----------+-------------------------------------------
     0 | D:1      | Lobster4 the Deep Elf Conjurer began the quest for the Orb.
     0 | D:1      | Reached XP level 1. HP: 10/10 MP: 6/6
   292 | D:1      | Reached XP level 2. HP: 15/15 MP: 6/8
   295 | D:1      | Learned a level 2 spell: Searing Ray
   311 | D:1      | Found Liufot's Assorted Antiques.
  1342 | D:2      | Reached XP level 3. HP: 20/20 MP: 2/9
  2073 | D:2      | Reached skill level 1 in Short Blades
  2368 | D:3      | Reached skill level 1 in Fighting
  2425 | D:3      | Reached XP level 4. HP: 25/25 MP: 7/11
  2562 | D:3      | Found a faded altar of an unknown god.
  2567 | D:3      | Learned a level 3 spell: Teleport Other
  3386 | D:4      | Reached skill level 1 in Armour
  3770 | D:4      | Reached XP level 5. HP: 29/29 MP: 8/12
  3807 | D:4      | Reached skill level 1 in Translocations
  3969 | D:4      | Reached skill level 4 in Spellcasting
  3969 | D:4      | Reached skill level 5 in Conjurations
  4214 | D:4      | Reached XP level 6. HP: 34/34 MP: 8/14
  4547 | D:5      | Entered Level 5 of the Dungeon
  4820 | D:5      | Reached XP level 7. HP: 35/40 MP: 8/15
  5351 | D:5      | Reached skill level 5 in Spellcasting
  5471 | D:5      | Reached skill level 5 in Stealth
  5531 | D:5      | Noticed Dowan
  5561 | D:6      | Noticed Maggie
  5581 | D:6      | Killed Maggie
  5582 | D:6      | Reached skill level 5 in Dodging
  5582 | D:6      | Reached XP level 8. HP: 45/45 MP: 1/18
  5695 | D:6      | Learned a level 4 spell: Iskenderun's Mystic Blast
  6363 | D:6      | Reached skill level 6 in Spellcasting
  6840 | D:7      | Found Foynitag's Weapon Boutique.
  6921 | D:7      | Reached XP level 9. HP: 41/50 MP: 6/21
  7279 | D:7      | Noticed a death yak
  7280 | D:7      | Found a huge runed translucent gate.
  7280 | D:7      | Found a huge runed translucent gate.
  7280 | D:7      | Found a huge runed translucent gate.
  7280 | D:7      | Noticed a polar bear
  7282 | D:7      | Found a huge runed translucent gate.
  7282 | D:7      | Noticed a manticore
  7282 | D:7      | Noticed a polar bear
  7348 | D:7      | Reached skill level 7 in Spellcasting
  7351 | D:7      | Reached skill level 1 in Ranged Weapons
  7530 | D:7      | Found a staircase to the Ecumenical Temple.
  7541 | Temple   | Entered the Ecumenical Temple
  7580 | Temple   | Became a worshipper of Vehumet
  8237 | D:8      | Noticed a rime drake
  8388 | D:8      | Noticed a deep elf pyromancer
  8397 | D:8      | Killed a deep elf pyromancer
  8398 | D:8      | Reached skill level 5 in Translocations
  8614 | D:8      | Reached skill level 1 in Staves
  8725 | D:8      | Found a white marble altar of Elyvilon.
  8728 | D:8      | Found a sparkling altar of Nemelex Xobeh.
  8763 | D:8      | Reached skill level 8 in Spellcasting
  8863 | D:8      | Killed a rime drake
  8864 | D:8      | Reached XP level 10. HP: 38/56 MP: 10/24
  9111 | D:8      | Reached * piety under Vehumet
  9111 | D:8      | Offered knowledge of Sandblast by Vehumet.
  9114 | D:8      | Learned a level 1 spell: Sandblast
  9905 | D:9      | Found a flagged portal.
  9911 | D:9      | Noticed Erica
  9916 | Bailey   | Entered a bailey
  9970 | Bailey   | Learned a level 3 spell: Mephitic Cloud
 10313 | Bailey   | Reached skill level 1 in Earth Magic
 10636 | Bailey   | Offered knowledge of Freeze by Vehumet.
 10651 | Bailey   | Reached ** piety under Vehumet
 10691 | Bailey   | Reached skill level 1 in Poison Magic
 10778 | Bailey   | Noticed a gargoyle
 10790 | Bailey   | Killed a gargoyle
 10791 | Bailey   | Reached skill level 1 in Air Magic
 11438 | D:9      | Noticed a two-headed ogre
 11475 | D:9      | Killed a two-headed ogre
 11476 | D:9      | Reached skill level 1 in Throwing
 11476 | D:9      | Reached skill level 1 in Evocations
 12180 | D:10     | Entered Level 10 of the Dungeon
 12391 | D:10     | Found a staircase to the Lair.
 12781 | D:10     | Offered knowledge of Scorch by Vehumet.
 12787 | D:10     | Reached XP level 11. HP: 60/60 MP: 13/25
 12793 | D:10     | Learned a level 5 spell: Lightning Bolt
 12881 | D:10     | Found a shimmering altar of Xom.
 12911 | D:10     | Reached skill level 9 in Spellcasting
 13296 | D:10     | Reached *** piety under Vehumet
 13304 | D:10     | Found a staircase to the Orcish Mines.
 13975 | D:11     | Offered knowledge of Sticky Flame by Vehumet.
 14150 | D:11     | Reached XP level 12. HP: 66/66 MP: 27/27
 14186 | D:11     | Noticed a two-headed ogre
 14197 | D:11     | Killed a two-headed ogre
 14326 | D:11     | Noticed Lodul
 14406 | D:11     | Killed Lodul
 14407 | D:11     | Reached skill level 10 in Spellcasting
 14624 | D:11     | Learned a level 4 spell: Airstrike
 14917 | Orc:1    | Entered Level 1 of the Orcish Mines
 14917 | Orc:1    | Noticed a two-headed ogre
 14920 | Orc:1    | Killed a two-headed ogre
 15184 | Orc:1    | Reached **** piety under Vehumet
 15418 | Orc:1    | Noticed Gastronok
 15645 | Orc:1    | Killed Gastronok
 15799 | Orc:1    | Found Qavo's Overcharged Wands.
 15811 | Orc:1    | Offered knowledge of Frozen Ramparts by Vehumet.
 16266 | D:1      | Bought a pair of runed gloves for 180 gold pieces
 16271 | D:1      | Bought a scroll of teleportation for 72 gold pieces
 16477 | Orc:2    | Entered Level 2 of the Orcish Mines
 16854 | Orc:2    | Found Fial's Jewellery Boutique.
 17283 | Orc:2    | Found Luzaz's Magic Scroll Shop.
 17304 | Orc:2    | Found an ancient bone altar of Kikubaaqudgha.
 17428 | Orc:2    | Found Uwento's Antique Weapon Boutique.
 17467 | Orc:2    | Noticed an ogre mage
 17472 | Orc:2    | Killed an ogre mage
 17473 | Orc:2    | Reached skill level 5 in Armour
 17539 | Orc:2    | Found a radiant altar of Vehumet.
 17550 | Orc:2    | Reached skill level 5 in Air Magic
 17551 | Orc:2    | Noticed an ogre mage
 17555 | Orc:2    | Killed an ogre mage
 17556 | Orc:2    | Reached skill level 10 in Dodging
 17556 | Orc:2    | Reached XP level 13. HP: 72/72 MP: 10/29
 17564 | Orc:2    | Reached skill level 10 in Conjurations
 17950 | Orc:2    | Found Usip's Antique Weapon Shop.
 17955 | Orc:2    | Found Isulaq's Book Boutique.
 18000 | Orc:2    | Bought a scroll of identify for 34 gold pieces
 18000 | Orc:2    | Bought a scroll of identify for 34 gold pieces
 18000 | Orc:2    | Bought a scroll of identify for 34 gold pieces
 18000 | Orc:2    | Bought a scroll of amnesia for 68 gold pieces
 18000 | Orc:2    | Bought a scroll of teleportation for 51 gold pieces
 18036 | Orc:1    | Found Sovvia Exza's Distillery.
 18060 | Orc:1    | Bought a potion of magic for 104 gold pieces
 18060 | Orc:1    | Bought a potion of heal wounds for 65 gold pieces
 18060 | Orc:1    | Bought a potion of curing for 39 gold pieces
 18117 | Orc:1    | Reached skill level 11 in Spellcasting
 18376 | Lair:1   | Entered Level 1 of the Lair of Beasts
 18539 | Lair:1   | Reached skill level 5 in Fighting
 18627 | Lair:1   | Found a runed translucent door.
 18628 | Lair:1   | Noticed Tollund's ghost (journeyman OgFE)
 18777 | Lair:1   | Identified the ring "Kugurize" {rElec rPois rCorr Dex-3
                  | Slay+4}
 19168 | Lair:1   | Reached ***** piety under Vehumet
 19168 | Lair:1   | Offered knowledge of Eringya's Noxious Bog by Vehumet.
 19461 | Lair:1   | Learned a level 4 spell: Summon Lightning Spire
 19928 | Lair:2   | Reached skill level 1 in Summonings
 20678 | Lair:2   | Found a staircase to the Snake Pit.
 20963 | Lair:2   | Found a staircase to the Swamp.
 21559 | Lair:3   | Found a gate leading to a gauntlet.
 21570 | Gauntlet | Entered a Gauntlet
 21570 | Gauntlet | Found a transporter.
 21570 | Gauntlet | Found a transporter.
 21576 | Gauntlet | Found a transporter.
 21593 | Gauntlet | Found a transporter.
 21606 | Gauntlet | Found a transporter.
 21606 | Gauntlet | Found a transporter.
 21606 | Gauntlet | Found a transporter.
 21608 | Gauntlet | Found a transporter.
 21608 | Gauntlet | Found a transporter.
 21620 | Gauntlet | Found a transporter.
 21636 | Gauntlet | Found a transporter.
 21646 | Gauntlet | Found a transporter.
 21661 | Gauntlet | Found a transporter.
 21696 | Gauntlet | Found a transporter.
 21876 | Gauntlet | Identified the ring of Ditwoh {Ice +Blink rN++}
 21921 | Gauntlet | Identified the ring "Ippam" {rN++ SInv}
 22059 | Gauntlet | Noticed a minotaur
 22065 | Gauntlet | Killed a minotaur
 22112 | Gauntlet | Got the Tome of the Map
 22391 | Lair:3   | Reached skill level 10 in Stealth
 22681 | Lair:3   | Reached XP level 14. HP: 79/79 MP: 15/31
 22682 | Lair:3   | Reached skill level 12 in Spellcasting
 23872 | Lair:4   | Learned a level 5 spell: Fireball
 23872 | Lair:4   | You fall into a shaft and drop 1 floor!
 23872 | Lair:5   | Entered Level 5 of the Lair of Beasts
 24000 | Lair:5   | Reached skill level 10 in Ranged Weapons
 24059 | Lair:5   | Reached skill level 1 in Fire Magic
 24461 | Lair:5   | Offered knowledge of Yara's Violent Unravelling by Vehumet.
 24874 | Lair:5   | Identified a scroll of acquirement
 24879 | Lair:5   | Acquired the +1 pair of gloves of Depression {Will+ Stlth+}
 25221 | Lair:4   | Found a staircase to the Slime Pits.
 25223 | Lair:4   | Found a viscous altar of Jiyva.
 25848 | Lair:4   | Identified the +2 ring mail of Harreul {Dex+5}
 26063 | Lair:4   | Found a snail-covered altar of Cheibriados.
 26210 | Lair:4   | Reached skill level 13 in Spellcasting
 27820 | Lair:1   | Killed Tollund's ghost
 28022 | D:12     | Noticed Nessos
 28022 | D:12     | Noticed Sonja
 28430 | D:12     | Shot with an arrow by Nessos

Illustrated notes

Levels and vault maps discovered:
D:1:      wheals_arrival_linesprint, layout_basic, serial_shops,
          nicolae_lakefront_shop
D:2:      layout_loops_ring, grunt_ministairs_4, minmay_misc_feat_enclosed
D:3:      layout_basic, ebering_ecumenical_altar_abandoned
D:4:      minmay_thinvault, layout_loops_ring
D:5:      minmay_octagon_keep, layout_rooms, uniq_duvessa
D:6:      minmay_chambers_of_fours, layout_loops_ring, uniq_maggie
D:7:      lemuel_bear_cage, layout_basic, minmay_temple_entry_junction_2,
          serial_shops, nicolae_shop_bloodbath_and_beyond, nicolae_hexahallways
D:8:      layout_loops_corners, nicolae_overflow_hidden_temple, glass_columns_a,
          dilly_guarded_unrand_elemental_staff
D:9:      hellmonk_destroyed_diamonds, layout_long_grid, enter_bailey_3,
          uniq_erica
D:10:     layout_irregular_city, mainiacjoe_overflow_surrounded_room,
          lair_entry_dummy, david_orc_2, columned_hall_lemuel,
          minmay_misc_feat_nine_boxes, fountainhead, hangedman_decor_push,
          corexii_corridor_pit
D:11:     layout_basic, uniq_lodul
D:12:     minmay_textured_paths, layout_cave_pools, serial_bayou_crossing,
          uniq_nessos, uniq_psyche, uniq_erolcha, uniq_sonja
Temple:   nicolae_temple_bog_church
Lair:1:   layout_hall_layers, gammafunk_ghost_grave, patterned_corridor
Lair:2:   layout_regular_city, skrybe_swamp_entry_bodies,
          guppyfry_snake_entry_garden, serial_bayou_ford_a, grunt_megastairs_4,
          infiniplex_staircase_pool, serial_bayou_shore_b
Lair:3:   minmay_lair_oklob_tunnel, layout_gridlike, gauntlet_entry_generic
Lair:4:   layout_misc_corridors, slime_entry_1, kennysheep_snail_temple
Lair:5:   grunt_lair_end_beastmaster, layout_regular_city, minivault_27
Orc:1:    layout_caves, serial_shops, shop, portal_ice_cave_entry_imps,
          nicolae_shop_overcharged_wands, uniq_gastronok
Orc:2:    kennysheep_orc_mage_school, layout_caves, serial_shops, shop,
          mines_bat_river

Skill      XL: |  1  2  3  4  5  6  7  8  9 10 11 12 13 14 |
---------------+-------------------------------------------+-----
Stealth        | 3 4 5 6 8 9 10 | 10.0
Dodging        | 3 4 5 6 7 8 9 10 12 | 12.2
Short Blades   | 1 |  1.0
Fighting       | 1 2 3 4 5 7 |  7.1
Armour         | 1 2 3 4 5 |  5.0
Translocations | 1 2 3 4 5 6 7 8 |  8.0
Spellcasting   | 4 5 6 8 9 10 11 13 | 13.4
Conjurations   | 5 6 7 8 9 11 12 | 12.1
Ranged Weapons | 3 4 6 7 9 10 | 10.0
Staves         | 1 3 4 |  4.0
Earth Magic    | 2 4 |  4.1
Poison Magic   | 2 4 |  4.1
Air Magic      | 2 3 5 6 7 |  7.5
Throwing       | 1 |  1.0
Evocations     | 2 3 |  3.0
Summonings     | 3 |  3.0
Fire Magic     | 4 |  4.0

Action                     |  1- 3 |  4- 6 |  7- 9 | 10-12 | 13-15 || total
---------------------------+-------+-------+-------+-------+-------++-------
  Melee: Short sword       |       |     8 |    10 |       |       ||    18
         Punch             |       |       |     1 |       |     1 ||     2
         Dagger            |       |       |    17 |       |       ||    17
         Staff             |       |       |       |     7 |    33 ||    40
   Fire: Shortbow          |       |       |       |     3 |    18 ||    21
  Throw: Dart              |       |       |     6 |     7 |    11 ||    24
         Throwing net      |       |       |     1 |     2 |       ||     3
   Cast: Magic Dart        |    80 |    65 |    52 |   185 |    14 ||   396
         Searing Ray       |     6 |    21 |    70 |   150 |    47 ||   294
         Teleport Other    |       |       |     3 |     1 |     3 ||     7
         Iskenderun's Myst |       |       |       |     4 |    31 ||    35
         Airstrike         |       |       |       |    57 |   304 ||   361
         Lightning Bolt    |       |       |       |     7 |    66 ||    73
         Mephitic Cloud    |       |       |       |     5 |     2 ||     7
         Summon Lightning  |       |       |       |       |    31 ||    31
         Sandblast         |       |       |       |       |    12 ||    12
  Evoke: Wand              |       |       |     2 |     6 |     5 ||    13
         Condenser vane    |       |       |       |     1 |       ||     1
         Phantom mirror    |       |       |       |       |     1 ||     1
    Use: Scroll            |       |    10 |     3 |     9 |    13 ||    35
         Potion            |       |       |     4 |     4 |     1 ||     9
 Armour: Robe              |     1 |     4 |     2 |       |       ||     7
         Skin              |       |       |    10 |       |       ||    10
         Steam dragon scal |       |       |    24 |    51 |    54 ||   129
  Dodge: Dodged            |     6 |    37 |   119 |   221 |   164 ||   547

Table legend: (Time is in decaauts)
 A = Elapsed time spent in this place.
 B = Non-inter-level travel time spent in this place.
 C = Inter-level travel time spent in this place.
 D = Time resting spent in this place.
 E = Time spent auto-exploring this place.
 F = Levels seen in this place.
 G = Mean time per level.
                   A        B        C        D        E       F      G
               +--------+--------+--------+--------+--------+-----+--------+
         Total |  28953 |  27552 |   1401 |   4188 |  19025 |  22 | 1316.0 |
       Dungeon |  14536 |  13572 |    964 |   1260 |  10365 |  12 | 1211.3 |
        Temple |    229 |    206 |     23 |      0 |    187 |   1 |  229.0 |
          Lair |   9435 |   9163 |    272 |   1635 |   6241 |   5 | 1887.0 |
  Orcish Mines |   3069 |   2928 |    141 |    546 |   1877 |   2 | 1534.5 |
        Bailey |   1100 |   1100 |      0 |    477 |    202 |   1 | 1100.0 |
      Gauntlet |    583 |    583 |      0 |    270 |    152 |   1 |  583.0 |
               +--------+--------+--------+--------+--------+-----+--------+

Top non-repeatable levels by time:
  Lair:5: 2573 daAuts
  Lair:3: 2019 daAuts
  Lair:2: 1827 daAuts
  Lair:1: 1616 daAuts
    D:10: 1590 daAuts
   Orc:1: 1542 daAuts
     D:9: 1536 daAuts
     D:4: 1527 daAuts
   Orc:2: 1527 daAuts
     D:8: 1423 daAuts
  Lair:4: 1397 daAuts
    D:11: 1368 daAuts
     D:7: 1314 daAuts
     D:1: 1268 daAuts
     D:6: 1208 daAuts
